 Dungeon Crawl Stone Soup version 0.17-a0-1923-gc35365e (webtiles) character file.

380 Kuldar the Conjurer (level 6, -1/48 HPs)
             Began as a Deep Elf Wizard on Sept 28, 2015.
             Slain by a worker ant (3 damage)
             ... on level 5 of the Dungeon.
             The game lasted 00:24:13 (3511 turns).

Kuldar the Conjurer (Deep Elf Wizard)               Turns: 3511, Time: 00:24:14

Health: -1/48      AC: 23    Str:  4    XL:     6   Next: 46%
Magic:  0/15       EV:  2    Int: 25    God:
Gold:   156        SH:  0    Dex: 13    Spells: 6 memorised, 2 levels left

rFire  . . .     SeeInvis .     g - +0 hunting sling
rCold  . . .     Clarity  .     (armour currently unavailable)
rNeg   + + +     SustAt   .     (no shield)
rPois  +         Gourm    .     (helmet currently unavailable)
rElec  .         Spirit   .     (cloak currently unavailable)
rCorr  .         Warding  .     (gloves currently unavailable)
rMut   .         NoTele   +     (boots currently unavailable)
MR     .....                    (no amulet)
Stlth  +++.......               (no ring)
                                (no ring)

@: lethally poisoned (-1 -> -4), tree-form, very slightly contaminated, not
resistant to hostile enchantments, fairly stealthy
A: no striking features
a: no special abilities


You were on level 5 of the Dungeon.
You were not hungry.
You were a tree.
You visited 1 branch of the dungeon, and saw 5 of its levels.

You collected 156 gold pieces.

Inventory:

Hand weapons
 g - a +0 hunting sling (weapon)
 k - a cursed +0 hand axe
Missiles
 h - 269 stones
 p - 5 needles of slowing
 D - 4 sling bullets of flame (quivered)
Armour
 b - a +0 hat (melded)
 e - a +1 pair of gloves (melded)
 f - a +2 robe of magic resistance (melded)
Jewellery
 j - a +5 ring of protection {unknown}
 u - an uncursed amulet of clarity {unknown}
Scrolls
 a - 2 scrolls of blinking {unknown}
 i - 5 scrolls of identify {unknown}
 m - 3 scrolls of remove curse {unknown}
 q - 2 scrolls of recharging {unknown}
 s - a scroll of noise {unknown}
 t - 2 scrolls of random uselessness {unknown}
 x - 2 scrolls of fog {unknown}
 y - a scroll of enchant weapon {unknown}
 C - 2 scrolls of teleportation {unknown}
Potions
 o - a potion of curing {unknown}
 v - a potion of resistance {unknown}
 A - a potion of lignification
Books
 c - a book of Minor Magic

   Spells                             Type                      Level
   a - Magic Dart                     Conjuration                  1
   b - Blink                          Translocation                2
   c - Call Imp                       Summoning                    2
   d - Repel Missiles                 Charms/Air                   2
   e - Slow                           Hexes                        2
   f - Conjure Flame                  Conjuration/Fire             3
   g - Mephitic Cloud                 Conjuration/Poison/Air       3
Comestibles
 d - 4 bread rations
 l - 2 slices of pizza
 n - a royal jelly
 r - a beef jerky
 w - a meat ration
 z - 4 fruits


   Skills:
 - Level 2.4 Dodging
 - Level 2.4 Stealth
 - Level 5.0 Spellcasting
 * Level 6.0 Conjurations
 - Level 1.1 Summonings
 - Level 1.1 Translocations
 * Level 2.0 Air Magic
 * Level 2.1 Poison Magic


You had 2 spell levels left.
You knew the following spells:

 Your Spells              Type           Power        Failure   Level  Hunger
a - Magic Dart            Conj           ####         1%          1    None
b - Blink                 Tloc           N/A          10%         2    None
c - Call Imp              Summ           ##......     10%         2    None
d - Repel Missiles        Chrm/Air       ##....       10%         2    None
e - Conjure Flame         Conj/Fire      ###.....     10%         3    ##.....
g - Mephitic Cloud        Conj/Pois/Air  ###.....     8%          3    ##.....


Dungeon Overview and Level Annotations

Branches:
Dungeon (5/15)
 Temple: D:4-7

Altars:

Annotations:
D:4 Fv001's ghost, average DsFi


Message History

Casting: Conjure Flame
Confirm with . or Enter, or press ? or * to list all spells.
You blink.
The ooze quivers.
* * * LOW HITPOINT WARNING * * *
You feel sick.
The worker ant bites you but does no damage.
The adder closely misses you.
Drink which item? (? for menu, Esc to quit)
It was a potion of lignification.
You turn into a tree.
Your +0 hat melds into your body.
Your +1 pair of gloves melds into your body.
Your +2 robe of magic resistance melds into your body.
You feel less resistant to hostile enchantments.
Your roots penetrate the ground.
* * * LOW HITPOINT WARNING * * *
You feel sick.
The worker ant bites you but does no damage.
The adder bites you but does no damage. The worker ant bites you.
You die...

# ######### ..
#.....<§# ####.#
#.#####.#########....#
#..S§.......#
###########.#
########S#
.....>.♣.#######.
........a..J.....
######...<...###
#.####..#
#........).....
....###.####..#### ..
..# # ###


You could see a worker ant, an ooze and an adder.

Vanquished Creatures
  2 ogres
  An orc priest (D:4)
  An orc wizard (D:4)
  4 gnolls (D:4)
  4 adders
  2 oozes
  A worm (D:1)
  5 orcs
  3 giant cockroaches
  9 goblins
  A hobgoblin (D:2)
  6 jackals
  8 kobolds
  3 quokkas
  A ball python (D:2)
  4 bats
  5 giant geckos
  2 giant newts (D:2)
  4 rats
66 creatures vanquished.

Notes
Turn   | Place    | Note
--------------------------------------------------------------
     0 | D:1      | Kuldar the Deep Elf Wizard began the quest for the Orb.
     0 | D:1      | Reached XP level 1. HP: 10/10 MP: 7/7
   251 | D:1      | Reached skill level 5 in Spellcasting
   251 | D:1      | Reached XP level 2. HP: 15/15 MP: 0/10
   274 | D:1      | You fall through a shaft!
   312 | D:2      | Learned a level 2 spell: Blink
   315 | D:2      | Learned a level 2 spell: Call Imp
   318 | D:2      | Learned a level 2 spell: Repel Missiles
   484 | D:2      | Reached XP level 3. HP: 19/19 MP: 5/11
   489 | D:2      | Learned a level 3 spell: Mephitic Cloud
  1704 | D:3      | Reached skill level 1 in Air Magic
  2001 | D:3      | Reached XP level 4. HP: 24/24 MP: 8/13
  2006 | D:3      | Learned a level 3 spell: Conjure Flame
  2342 | D:4      | Noticed Fv001's ghost (average DsFi)
  2391 | D:4      | Noticed an ogre
  2712 | D:4      | Reached skill level 1 in Poison Magic
  2758 | D:4      | Reached XP level 5. HP: 26/28 MP: 11/14
  2768 | D:4      | Noticed an ogre
  2794 | D:4      | Noticed a phantom
  2888 | D:5      | Entered Level 5 of the Dungeon
  3315 | D:4      | Reached skill level 5 in Conjurations
  3342 | D:4      | Killed an ogre
  3342 | D:4      | Reached XP level 6. HP: 16/32 MP: 0/15
  3496 | D:5      | Killed an ogre
  3496 | D:5      | Reached skill level 6 in Conjurations
  3511 | D:5      | HP: 2/48 [poisoned by a worker ant]
  3511 | D:5      | Slain by a worker ant

Vault maps used:
D:1:      grunt_arrival_crossed_arrows, minmay_close_crescents
D:2:      lemuel_flame_loot_1
D:3:      first_bread
D:4:      temple_statues, grunt_decor_mini_mirrors
D:5:      uniq_edmund

Action                   |  1- 3 |  4- 6 || total
-------------------------+-------+-------++-------
 Fire: Hunting sling     |       |    39 ||    39
 Cast: Magic Dart        |   100 |    61 ||   161
       Conjure Flame     |       |    12 ||    12
       Mephitic Cloud    |       |     8 ||     8
       Call Imp          |       |    10 ||    10
       Blink             |       |     4 ||     4
  Use: Potion            |       |     1 ||     1
  Eat: Chunk             |     3 |     5 ||     8
